 Dungeon Crawl Stone Soup version 0.20.1-1-g8b1a95d (webtiles) character file.

203 LarsimusPrime the Cudgeler (level 5, 0/47 HPs)
             Began as a Minotaur Berserker on Sept 25, 2017.
             Was a Believer of Trog.
             Slain by Fandomethor's ghost (10 damage)
             ... on level 4 of the Dungeon.
             The game lasted 00:08:25 (2769 turns).

LarsimusPrime the Cudgeler (Minotaur Berserker)     Turns: 2769, Time: 00:08:26

Health: 0/47       AC:  8    Str: 22    XL:     5   Next: 51%
Magic:  4/4        EV: 11    Int:  4    God:    Trog [**....]
Gold:   165        SH:  0    Dex:  8    Spells: 4/4 levels left

rFire    . . .     SeeInvis .   g - -1 whip (curse)
rCold    . . .     Gourm    .   (no shield)
rNeg     . . .     Faith    .   h - +1 scale mail
rPois    .         Spirit   .   (helmet restricted)
rElec    .         Reflect  .   (no cloak)
rCorr    .         Harm     .   (no gloves)
MR       .....                  (no boots)
Stlth    ..........             (no amulet)
Regen    0.2/turn               e - -2 ring of dexterity (curse)
MPRegen  0.1/turn               (no ring)

@: no status effects
A: retaliatory headbutt, horns 2
a: Berserk, Trog's Hand, Burn Spellbooks, Renounce Religion


You were on level 4 of the Dungeon.
You worshipped Trog.
Trog was pleased with you.
You were not hungry.

You visited 1 branch of the dungeon, and saw 4 of its levels.

You collected 165 gold pieces.

Inventory:

Hand Weapons
 a - a +1 mace
 g - a cursed -1 whip (weapon)
 q - a +0 whip
Armour
 b - a +0 animal skin
 h - a +1 scale mail (worn)
Jewellery
 e - a cursed -2 ring of dexterity (left hand)
 m - an uncursed ring of poison resistance {unknown}
 o - an uncursed ring of fire {unknown}
Scrolls
 n - a scroll of identify
 p - a scroll of enchant armour
 r - a scroll of teleportation
 u - a scroll of remove curse {unknown}
Potions
 f - a potion of ambrosia
 i - a potion of heal wounds {unknown}
 j - 2 potions of haste {unknown}
 l - a potion of berserk rage {unknown}
 t - a potion of degeneration {unknown}
Comestibles
 c - 2 bread rations
 d - 5 chunks of flesh
 k - 3 meat rations
 s - a royal jelly


   Skills:
 + Level 4.6 Fighting
 + Level 5.7 Maces & Flails
 + Level 3.9 Armour
 + Level 2.9 Dodging
 + Level 0.3 Stealth


You had 4 spell levels left.
You didn't know any spells.

Dungeon Overview and Level Annotations

Branches:
Dungeon (4/15)
 Temple: D:4-7

Altars:
The Shining One

Annotations:
D:4 Fandomethor's ghost, amateur MfGl


Innate Abilities, Weirdness & Mutations

You reflexively headbutt those who attack you in melee.
You have a pair of horns on your head.


Message History

Fandomethor's ghost screams, "Don't try to defend!
You have no chance!"
Fandomethor's ghost closely misses you.
You hit Fandomethor's ghost. You headbutt Fandomethor's ghost.
Fandomethor's ghost is moderately damaged.
Fandomethor's ghost hits you!
* * * LOW HITPOINT WARNING * * *
You closely miss Fandomethor's ghost.
Fandomethor's ghost is moderately damaged.
You closely miss Fandomethor's ghost. You headbutt Fandomethor's ghost.
Fandomethor's ghost is heavily damaged.
Fandomethor's ghost hits you.
* * * LOW HITPOINT WARNING * * *
You hit Fandomethor's ghost.
Your headbutt misses Fandomethor's ghost.
Fandomethor's ghost is heavily damaged.
Fandomethor's ghost barely misses you.
You closely miss Fandomethor's ghost.
Fandomethor's ghost is heavily damaged.
Fandomethor's ghost hits you!
You die...

... ######..
#.......
......
....####
...#..#
##W##..#
+.@##..#
#..##..######
#........#..#
#........+..+
##.##..###..#
####..###..###
#............#
+............#
#####+##.....#


You could see Fandomethor's ghost.

Vanquished Creatures
  A vampire bat (D:3)
  A worker ant (D:4)
  Robin (D:2)
  4 adders
  2 worms
  4 dart slugs
  4 leopard geckos
  2 ball pythons
  2 giant cockroaches
  11 goblins
  11 hobgoblins
  13 kobolds
  13 bats
  3 frilled lizards
  7 rats
79 creatures vanquished.

Notes
Turn   | Place    | Note
-------+----------+-------------------------------------------
     0 | D:1      | LarsimusPrime the Minotaur Berserker began the quest for the Orb.
     0 | D:1      | Reached XP level 1. HP: 19/19 MP: 0/0
   309 | D:1      | Reached skill level 4 in Maces & Flails
   420 | D:1      | Reached XP level 2. HP: 27/27 MP: 1/1
   486 | D:1      | Reached XP level 3. HP: 27/33 MP: 2/2
  1231 | D:2      | Reached ** piety under Trog
  1347 | D:2      | Noticed Robin
  1354 | D:2      | Reached XP level 4. HP: 36/41 MP: 3/3
  1374 | D:2      | Killed Robin
  1374 | D:2      | Reached skill level 5 in Maces & Flails
  2322 | D:3      | Reached XP level 5. HP: 40/47 MP: 4/4
  2376 | D:3      | Found a glowing golden altar of the Shining One.
  2750 | D:4      | Noticed Fandomethor's ghost (amateur MfGl)
  2769 | D:4      | Slain by Fandomethor's ghost

Skill      XL: |  1  2  3  4 |
---------------+-------------+-----
Maces & Flails | 4 5 |  5.7
Fighting       | 4 |  4.6
Armour         | 3 |  3.9
Dodging        | |  2.9
Stealth        | |  0.3

Action                   |  1- 3 |  4- 6 || total
-------------------------+-------+-------++-------
Melee: Whip              |   137 |   132 ||   269
       Mace              |     7 |       ||     7
       Headbutt          |    18 |    17 ||    35
  Use: Scroll            |     6 |       ||     6
  Eat: Chunk             |     1 |     5 ||     6
Armor: Scale mail        |    62 |    62 ||   124
       Animal skin       |     3 |       ||     3
Dodge: Dodged            |    62 |    83 ||   145
